 Dungeon Crawl Stone Soup version 0.28.0-47-ge53b351184 (webtiles) character file.

Game seed: 13345756422209963719

167 firemarshallily the Caller (level 5, -6/35 HPs)
             Began as a Merfolk Summoner on May 10, 2022.
             Was an Initiate of Sif Muna.
             Shot with an arrow by a centaur (13 damage)
             ... on level 4 of the Dungeon.
             The game lasted 00:18:13 (4604 turns).

firemarshallily the Caller (Merfolk Summoner)       Turns: 4604, Time: 00:18:13

Health: -6/35      AC:  5    Str:  8    XL:     5   Next: 48%
Magic:  2/10       EV: 13    Int: 16    God:    Sif Muna [......]
Gold:   96         SH:  0    Dex: 15    Spells: 4/10 levels left

rFire   + . .      SeeInvis .   l - +0 spear
rCold   + . .      Faith    .   (no shield)
rNeg    + . .      Spirit   .   a - +0 robe
rPois   +          Reflect  .   (no helmet)
rElec   +          Harm     .   (no cloak)
rCorr   +          Rampage  +   (no gloves)
Will    .....                   d - +2 pair of boots {rampage}
Stlth   ++........              (no amulet)
HPRegen 0.11/turn               n - ring of positive energy
MPRegen 0.12/turn               (no ring)

@: resistant, invisible
A: (nimble swimmer 2), mertail
a: Renounce Religion


You were on level 4 of the Dungeon.
You worshipped Sif Muna.
Sif Muna was noncommittal.
You visited 1 branch of the dungeon, and saw 4 of its levels.

You collected 96 gold pieces.

Inventory:

Hand Weapons
 l - a +0 spear (weapon)
 p - the +3 dagger of Caniri {venom, rPois Will+}
   (You found it on level 3 of the Dungeon)

   It poisons the flesh of those it strikes.
   rPois:     It protects you from poison.
   Will:      It increases your willpower.
Missiles
 b - 2 boomerangs
 f - 117 stones (quivered)
Armour
 a - a +0 robe (worn)
 d - a +2 pair of boots of rampaging (worn)
 q - a +0 tower shield
Jewellery
 n - a ring of positive energy (left hand)
Scrolls
 k - a scroll of immolation
Potions
 c - a potion of berserk rage
 h - a potion of brilliance {unknown}
 m - a potion of attraction {unknown}


   Skills:
 + Level 2.5 Polearms
 - Level 3.1 Dodging
 - Level 2.1 Stealth
 * Level 3.4 Spellcasting
 * Level 5.2 Summonings


You had 4 spell levels left.
You knew the following spells:

 Your Spells              Type           Power      Damage    Failure   Level
a - Summon Small Mammal   Summ           76%        N/A       1%          1
b - Call Imp              Summ           19%        N/A       3%          2
c - Call Canine Familiar  Summ           19%        N/A       6%          3

Your spell library contained the following spells:

 Spells                   Type           Power      Damage    Failure   Level
 Summon Guardian Golem    Hex/Summ       11%        N/A       19%         3
 Blink                    Tloc           4%         N/A       26%         2
 Summon Lightning Spire   Summ/Air       11%        N/A       52%         4
 Manifold Assault         Tloc           2%         N/A       99%         5
 Storm Form               Tmut/Air       1%         N/A       100%        7


Dungeon Overview and Level Annotations

Branches:
Dungeon (4/15)
 Temple: D:4-7

Altars:
Sif Muna
Trog


Innate Abilities, Weirdness & Mutations

((You are very nimble when in or above water. (Stealth+, EV+, Speed+++)))
Your lower body shifts to a powerful aquatic tail in water.


Message History

The goblin unwields a +0 hunting sling.
The goblin wields a +0 club.
The goblin hits your iron imp with a +0 club.
It was a potion of curing.
You feel better.
The centaur hits you but does no damage.
The centaur kicks you.
Your iron imp barely misses the goblin.
The goblin closely misses your iron imp.
The centaur completely misses you. The centaur closely misses you.
The centaur wields a +0 shortbow.
The centaur shoots an arrow.
The arrow barely misses you.
Your iron imp hits the goblin!
The goblin dies!
Sif Muna accepts your kill.
The centaur unwields a +0 shortbow.
The centaur closely misses you. The centaur kicks you.
Your iron imp hits the centaur.
The centaur hits your iron imp. The centaur kicks your iron imp.
You hit the centaur.
The centaur is moderately wounded.
The centaur misses you. The centaur closely misses you.
The centaur barely misses your iron imp. x2
The centaur hits you. The centaur misses you.
Your iron imp hits the centaur!
Unknown command.
You hit the centaur.
The centaur is heavily wounded.
The centaur hits your iron imp. The centaur kicks your iron imp.
Your iron imp dies!
Your iron imp disappears in a puff of smoke!
The centaur hits you.
* * * LOW HITPOINT WARNING * * *
The centaur kicks you but does no damage.
It was a potion of invisibility.
You fade into invisibility!
The centaur hits you.
* * * LOW HITPOINT WARNING * * *
The centaur kicks you but does no damage.
The centaur wields a +0 shortbow.
The centaur shoots an arrow.
The arrow hits the centaur!
The centaur dies!
The centaur shoots an arrow.
The centaur shoots an arrow. x2
The centaur shoots an arrow.
The arrow hits you!
You die...

*,* ###***#.## #..,,,...#
##### #.#***#..# ##...###.#
#..# #.....##.#####..#
#....c.)c....#..# #####
#.....##)###.#..######...#
##.b§###.###.@..#........###
##c## #..c.......#........#
#.# ######...###.###.##.###
#.# ##.## #.# #......# **#b#
#.# #.# ####.#.# ****,cg#*
#.# #.# ###.#.# ,,,,,...*
*#+#* #.#*##...... **,**...*
**,,,**#........#.#
*,,,**,,*
**,,,,,*######.###.#


You could see a centaur.

Vanquished Creatures
  4 gnolls
  An endoplasm (D:3)
  4 hobgoblins
  3 jackals (D:2)
  2 kobolds
  2 quokkas (D:2)
  A bat (D:1)
  A rat (D:1)
18 creatures vanquished.

Vanquished Creatures (collateral kills)
  A gnoll (D:2)
  2 adders (D:2)
  3 worms
  2 orcs (D:3)
  An endoplasm (D:3)
  A giant cockroach (D:2)
  3 goblins
  5 hobgoblins
  4 quokkas
  4 ball pythons
  A bat (D:2)
  4 frilled lizards
  3 rats (D:2)
34 creatures vanquished.

Vanquished Creatures (others)
  A centaur (D:4)
  67 plants (D:2)
68 creatures vanquished.

Grand Total: 120 creatures vanquished

Notes
Turn   | Place    | Note
-------+----------+-------------------------------------------
     0 | D:1      | firemarshallily the Merfolk Summoner began the quest for
                  | the Orb.
     0 | D:1      | Reached XP level 1. HP: 13/13 MP: 3/3
   400 | D:1      | Reached XP level 2. HP: 11/19 MP: 1/5
   759 | D:1      | Learned a level 2 spell: Call Imp
  1367 | D:1      | Reached XP level 3. HP: 24/24 MP: 0/6
  1678 | D:2      | Reached skill level 1 in Polearms
  1845 | D:2      | Reached XP level 4. HP: 30/30 MP: 8/8
  1849 | D:2      | Learned a level 3 spell: Call Canine Familiar
  2693 | D:2      | Reached skill level 5 in Summonings
  3369 | D:3      | Found a shimmering blue altar of Sif Muna.
  3378 | D:3      | Became a worshipper of Sif Muna the Loreminder
  3381 | D:3      | Reached XP level 5. HP: 35/35 MP: 6/9
  4000 | D:3      | Found a bloodstained altar of Trog.
  4005 | D:3      | Identified the +3 dagger of Caniri {venom, rPois Will+}
  4573 | D:4      | Noticed a centaur
  4588 | D:4      | Noticed a centaur
  4599 | D:4      | Killed a centaur
  4604 | D:4      | Shot with an arrow by a centaur

Illustrated notes

Levels and vault maps discovered:
D:1:      dpeg_arrival_refuge, layout_basic, serial_glass, glass_columns_a,
          glass_columns_a, glass_columns_a, glass_columns_b, glass_columns_b,
          corexii_corridor_pit
D:2:      wad_woods_settlement, layout_basic
D:3:      layout_loops_ring, bloody_trog, mainiacjoe_overflow_paths
D:4:      layout_loops_corners, minmay_manual_mares

Skill      XL: |  1  2  3  4 |
---------------+-------------+-----
Dodging        | 3 |  3.1
Polearms       | 1 2 |  2.5
Spellcasting   | 3 |  3.4
Summonings     | 5 |  5.2
Stealth        | |  2.1

Action                   |  1- 3 |  4- 6 || total
-------------------------+-------+-------++-------
Melee: Unarmed           |    21 |       ||    21
       Whip              |    13 |       ||    13
       Spear             |    29 |    99 ||   128
       Punch             |     1 |     2 ||     3
 Cast: Summon Small Mamm |    48 |    45 ||    93
       Call Imp          |     6 |    20 ||    26
       Call Canine Famil |       |     1 ||     1
  Use: Scroll            |     1 |     5 ||     6
       Potion            |       |     3 ||     3
 Stab: Distracted        |     2 |       ||     2
Armor: Robe              |     8 |    11 ||    19
Dodge: Dodged            |    28 |    41 ||    69
